 Dungeon Crawl Stone Soup version 0.28.0-45-g0d030f2227 (webtiles) character file.

Game seed: 14084022215193322687

386 pkoi the Conjurer (level 6, -12/45 HPs)
             Began as a Demigod Conjurer on Apr 5, 2022.
             Mangled by Joseph
             ... wielding a +0 quarterstaff
              (16 damage)
             ... on level 7 of the Dungeon.
             The game lasted 00:08:43 (5824 turns).

pkoi the Conjurer (Demigod Conjurer)                Turns: 5824, Time: 00:08:44

Health: -12/45     AC:  5    Str:  8    XL:     6   Next: 23%
Magic:  10/13      EV: 12    Int: 28    God:
Gold:   153        SH:  0    Dex: 12    Spells: 4/11 levels left

rFire   . . .      SeeInvis .   h - +0 dagger (venom)
rCold   . . .      Faith    .   (no shield)
rNeg    + . .      Spirit   .   a - +1 robe
rPois   .          Reflect  .   d - +1 helmet
rElec   .          Harm     .   (no cloak)
rCorr   .          Rampage  .   (no gloves)
Will    .....                   (no boots)
Stlth   ++........              (no amulet)
HPRegen 0.15/turn               f - ring of positive energy
MPRegen 0.13/turn               (no ring)

@: about to teleport
A: high MP 1, forlorn, divine attributes
a: no special abilities


You were on level 7 of the Dungeon.
You visited 1 branch of the dungeon, and saw 5 of its levels.

You collected 153 gold pieces.

Inventory:

Hand Weapons
 b - a +0 short sword
 h - a +0 dagger of venom (weapon)
Missiles
 c - 5 poisoned darts
Armour
 a - a +1 robe (worn)
 d - a +1 helmet (worn)
Jewellery
 f - a ring of positive energy (left hand)
 l - an amulet of the acrobat
 m - a ring of protection from fire
 r - an amulet of guardian spirit
 s - an amulet of magic regeneration
Scrolls
 e - a scroll of immolation {unknown}
 g - a scroll of silence {unknown}
 j - a scroll of summoning {unknown}
 n - a scroll of vulnerability {unknown}
 p - a scroll of magic mapping {unknown}
 q - a scroll of identify
Potions
 i - 2 potions of attraction {unknown}
 k - a potion of ambrosia {unknown}
 o - a potion of curing {unknown}


   Skills:
 - Level 1.7 Dodging
 - Level 1.7 Stealth
 - Level 3.0 Spellcasting
 + Level 5.6 Conjurations
 + Level 3.0 Translocations


You had 4 spell levels left.
You knew the following spells:

 Your Spells              Type           Power      Damage    Failure   Level
a - Magic Dart            Conj           100%       1d8       1%          1
b - Searing Ray           Conj           72%        2d7       1%          2
c - Iskenderun's Mystic   Conj/Tloc      28%        2d7       14%         4

Your spell library contained the following spells:

 Spells                   Type           Power      Damage    Failure   Level
 Apportation              Tloc           42%        N/A       2%          1
 Dazzling Flash           Conj/Hex       40%        N/A       8%          3
 Animate Skeleton         Necr           8%         N/A       9%          1
 Summon Small Mammal      Summ           16%        N/A       9%          1
 Portal Projectile        Hex/Tloc       24%        N/A       13%         3
 Call Canine Familiar     Summ           4%         N/A       24%         3
 Ozocubu's Armour         Ice            4%         N/A       24%         3
 Summon Guardian Golem    Hex/Summ       4%         N/A       24%         3
 Fulminant Prism          Conj/Hex       10%        3d9       26%         4
 Leda's Liquefaction      Hex/Erth       2%         N/A       63%         4
 Orb of Destruction       Conj           18%        9d8       100%        7
 Ozocubu's Refrigeration  Ice            2%         4d5       100%        7
 Spellforged Servitor     Conj/Summ      10%        N/A       100%        7


Dungeon Overview and Level Annotations

Branches:
Dungeon (4/15)
 Temple: D:4-7

Shops:
D:1 =   D:4 [

Annotations:
D:2 Sigmund
D:3 Terence
D:7 Joseph


Innate Abilities, Weirdness & Mutations

You have an increased reservoir of magic. (+10% MP)
You shall have no god before yourself.
Your divine heritage dramatically boosts your attributes as you level up.


Message History

Joseph, a Mercenary comes into view.
He is wielding a +0 quarterstaff.
Joseph shouts!
A steam dragon comes into view.
Joseph unwields a +0 quarterstaff.
Joseph wields a +0 hunting sling.
Joseph shoots a sling bullet.
The sling bullet closely misses you.
Joseph shoots a sling bullet.
The sling bullet hits you!
* * * LOW HITPOINT WARNING * * *
You see here a +0 ring mail.
Joseph shoots a sling bullet.
The sling bullet completely misses you.
You see here a +0 ring mail.
You start resting.
Joseph is nearby!
Joseph shoots a sling bullet.
The sling bullet barely misses you.
Joseph unwields a +0 hunting sling.
Joseph wields a +0 quarterstaff.
Joseph hits you with a +0 quarterstaff!
* * * LOW HITPOINT WARNING * * *
Casting: Magic Dart (safe; 1% risk of failure)
Confirm with . or Enter, or press ? or * to list all spells.
Okay, then.
Casting: Magic Dart (safe; 1% risk of failure)
Confirm with . or Enter, or press ? or * to list all spells.
Aiming: Searing Ray (safe; 1% risk of failure)
Press: ? - help, Shift-Dir - straight line, f - Joseph
Aim: Joseph, wielding a +0 quarterstaff, wearing a +0 leather armour and quivering sling bullets (81% to hit)
The searing ray hits Joseph.
Joseph is lightly wounded. (Press . to maintain the ray.) Joseph hits you with a +0 quarterstaff!
* * * LOW HITPOINT WARNING * * *
The searing ray misses Joseph.
Joseph hits you with a +0 quarterstaff!
* * * LOW HITPOINT WARNING * * *
Unknown command.
As you read the scroll labelled OSTATARRAGRE, it crumbles to dust.
It is a scroll of enchant armour.
Your +0 robe glows green for a moment.
Joseph hits you with a +0 quarterstaff.
* * * LOW HITPOINT WARNING * * *
As you read the scroll labelled FYNIKE CIWNAXT, it crumbles to dust.
You feel strangely unstable.
It was a scroll of teleportation.
Joseph hits you with a +0 quarterstaff!
You die...

##..............#
#...............#
#..............##
#..............#
##.............#
##............###
##.............#
##.@........###
##@.......##
##........##
#[#####.### ###
###


You could see Joseph.

Vanquished Creatures
  A phantom (D:4)
  An orc priest (D:4)
  3 hounds
  An iguana (D:4)
  An orc wizard (D:4)
  5 adders
  A worm (D:3)
  4 dart slugs
  3 orcs
  4 endoplasms
  4 giant cockroaches
  7 goblins
  5 hobgoblins
  4 jackals
  7 quokkas
  5 ball pythons
  8 bats
  4 frilled lizards
  8 kobolds
  4 rats
80 creatures vanquished.

Vanquished Creatures (others)
  A phantom (D:4)
  18 plants (D:2)
19 creatures vanquished.

Grand Total: 99 creatures vanquished

Notes
Turn   | Place    | Note
-------+----------+-------------------------------------------
     0 | D:1      | pkoi the Demigod Conjurer began the quest for the Orb.
     0 | D:1      | Reached XP level 1. HP: 14/14 MP: 5/5
   354 | D:1      | Noticed a floating eye
   359 | D:1      | Noticed an eye of devastation
   359 | D:1      | Noticed a floating eye
   359 | D:1      | Noticed a shining eye
   549 | D:1      | Reached XP level 2. HP: 19/20 MP: 2/7
   684 | D:1      | Found Tejeyfai's Jewellery Shop.
   829 | D:1      | Reached skill level 4 in Conjurations
  1685 | D:2      | Reached XP level 3. HP: 26/26 MP: 6/9
  1778 | D:2      | Learned a level 2 spell: Searing Ray
  1806 | D:2      | Noticed Sigmund
  2581 | D:3      | Noticed Terence
  3154 | D:3      | Reached XP level 4. HP: 33/33 MP: 6/11
  3392 | D:3      | Learned a level 4 spell: Iskenderun's Mystic Blast
  4232 | D:4      | Noticed a phantom
  4245 | D:4      | Found Oriblan's Armour Shoppe.
  4271 | D:3      | Reached skill level 1 in Translocations
  4683 | D:4      | Reached skill level 5 in Conjurations
  4683 | D:4      | Reached XP level 5. HP: 38/38 MP: 8/12
  5259 | D:4      | Reached XP level 6. HP: 38/45 MP: 2/13
  5725 | D:4      | You fall into a shaft and drop 3 floors!
  5776 | D:7      | Noticed Joseph
  5776 | D:7      | Noticed a steam dragon
  5824 | D:7      | Mangled by Joseph

Illustrated notes

Levels and vault maps discovered:
D:1:      minmay_arrival_shattered_statue, layout_basic,
          hellmonk_ecumenical_altar_watching_god, serial_shops,
          nicolae_shop_advertising_works [nicolae_subvault_shop_adworks]
D:2:      layout_rooms, serial_bayou, serial_bayou_lake_a,
          serial_bayou_lagoon_b, serial_bayou_pond_d, serial_bayou_ford_a,
          uniq_sigmund
D:3:      layout_basic, uniq_terence
D:4:      layout_cave_pools, lemuel_temple_firewalk_a, serial_shops, shop,
          minmay_fractal_squares_gapless_5
D:7:      layout_cave_pods, enter_bailey_2, uniq_joseph

Skill      XL: |  1  2  3  4  5  6 |
---------------+-------------------+-----
Spellcasting   | 2 3 |  3.0
Conjurations   | 4 5 |  5.6
Translocations | 1 2 3 |  3.0
Dodging        | |  1.7
Stealth        | |  1.7

Action                   |  1- 3 |  4- 6 || total
-------------------------+-------+-------++-------
Melee: Short sword       |    15 |       ||    15
       Dagger            |     4 |    10 ||    14
       Punch             |       |     1 ||     1
 Cast: Magic Dart        |    96 |    69 ||   165
       Searing Ray       |       |     9 ||     9
  Use: Scroll            |     1 |     2 ||     3
Armor: Robe              |    10 |    10 ||    20
Dodge: Dodged            |    33 |    29 ||    62
